 Dungeon Crawl Stone Soup version 0.16-b1 (console) character file.

21 mauris the Stinger (level 2, 0/14 HPs)
             Began as a Vine Stalker Venom Mage on Mar 13, 2015.
             Slain by an adder (1 damage)
             ... on level 2 of the Dungeon.
             The game lasted 00:01:10 (855 turns).

mauris the Stinger (Vine Stalker Venom Mage)         Turns: 855, Time: 00:01:10

Health: 0/14       AC:  2    Str: 10    XL:     2   Next: 83%
Magic:  0/5        EV: 12    Int: 15    God:
Gold:   3          SH:  0    Dex: 14    Spells: 1 memorised, 4 levels left

rFire  . . .     SeeInvis .     h - +0 short sword
rCold  . . .     Clarity  .     a - +0 robe {2}
rNeg   . . .     SustAb   .     (no shield)
rPois  .         Gourm    .     (no helmet)
rElec  .         Spirit   +     (no cloak)
rCorr  .         Warding  .     (no gloves)
rMut   .         Stasis   .     (no boots)
MR     .....                    (no amulet)
Stlth  ++........               (no ring)
                                (no ring)

@: lethally poisoned (0 -> -1), not resistant to hostile enchantments,
unstealthy
A: fangs 2, regeneration 1, magic shield, antimagic bite, no device heal 3, rot
immunity
a: no special abilities


You were on level 2 of the Dungeon.
You were not hungry.

You visited 1 branch of the dungeon, and saw 2 of its levels.

You collected 3 gold pieces.

Inventory:

Hand weapons
 h - a +0 short sword (weapon)
Armour
 a - a +0 robe (worn) {2}
Scrolls
 d - a scroll of fear {unknown}
 e - a scroll of teleportation {unknown}
Books
 b - a Young Poisoner's Handbook

   Spells                             Type                      Level
   a - Sting                          Conjuration/Poison           1
   b - Cure Poison                    Poison                       2
   c - Mephitic Cloud                 Conjuration/Poison/Air       3
   d - Olgreb's Toxic Radiance        Poison                       4
   e - Venom Bolt                     Conjuration/Poison           5
Comestibles
 c - a bread ration
 f - 3 chunks of flesh
 g - 4 fruits


   Skills:
 + Level 1.1 Fighting
 + Level 0.5 Armour
 + Level 2.0 Dodging
 - Level 2.4 Stealth
 - Level 2.1 Spellcasting
 - Level 4.0 Poison Magic


You had 4 spell levels left.
You knew the following spells:

 Your Spells              Type           Power        Failure   Level  Hunger
a - Sting                 Conj/Pois      #...         12%         1    #......


Dungeon Overview and Level Annotations

Branches:
Dungeon (2/15)

Altars:


Innate Abilities, Weirdness & Mutations

You have extremely sharp teeth.
Your natural rate of healing is unusually fast.
When hurt, damage is shared between your health and your magic reserves.
Your bite disrupts and absorbs the magic of your enemies.
Potions and wands cannot restore your health.
You are immune to rotting.


Message History

You are poisoned.
The adder poisons you! The goblin hits you with a dagger.
The adder closely misses you. The hobgoblin hits you with a club.
* * * LOW HITPOINT WARNING * * *
The goblin barely misses you.
You are too injured to fight recklessly!
Huge Dmg: -21%(-3hp) hp: 15%(2hp) Unknown command.
You aren't carrying any potions.
Unknown command.
Casting: Sting
Confirm with . or Enter, or press ? or * to list all spells.
Aiming: Sting
Press: ? - help, Shift-Dir - straight line, f - goblin
Aim: a goblin, wielding a dagger The sting misses the goblin.
* * * LOW HITPOINT WARNING * * *
You feel sick. The bat closely misses you. The bat closely misses you.
The adder bites you.
You die...

#.. #.# #.# ## #.#
.# #.# .# #.# .#
..#########.# .##
.......g.....##..#
#......g@b....<..#
#.......Sg..####.#
...........+ ..
...........# )#
...........# #
..........#
.........#
........# .....#


You could see an adder, a hobgoblin, 2 goblins and a bat.

Vanquished Creatures
  3 giant cockroaches
  2 hobgoblins (D:1)
  4 kobolds (D:1)
  A bat (D:1)
  3 giant newts
  4 goblins
  5 rats
22 creatures vanquished.

Notes
Turn   | Place    | Note
--------------------------------------------------------------
     0 | D:1      | mauris, the Vine Stalker Venom Mage, began the quest for the Orb.
     0 | D:1      | Reached XP level 1. HP: 9/9 MP: 3/3
   294 | D:1      | Reached XP level 2. HP: 14/14 MP: 1/5
   312 | D:1      | Huge Dmg: 4 dmg
   312 | D:1      | Reached skill level 1 in Fighting
   854 | D:2      | Huge Dmg: 4 dmg
   855 | D:2      | Huge Dmg: 3 dmg
   855 | D:2      | Slain by an adder

Action                   || total
-------------------------++-------
Melee: Unarmed           ||    49
       Short sword       ||     7
 Cast: Sting             ||    27
 Stab: Sleeping          ||     2

Vault maps used:
D:1:      dpeg_arrival_chambers_temple_mockup, minmay_misc_feat_columns,
          kennysheep_decorative_pillar
D:2:      kennysheep_potato
